[Event "Guimaraes Open 2018"]
[Site "Guimaraes"]
[Date "2018.10.07"]
[Round "6"]
[White "Pazos Porta, Antonio"]
[Black "Paasikangas-Tella, Johanna"]
[Result "1-0"]
[ECO "B26"]
[WhiteElo "2323"]
[BlackElo "2233"]
[Annotator "NA"]
[PlyCount "73"]
[EventDate "2018.10.04"]
[EventType "swiss"]
[EventCountry "POR"]
[SourceTitle "playchess.com"]
[Source "ChessBase"]
[SourceQuality "1"]
[TimeControl "5400+30"]

1. e4 c5 2. Nc3 d6 3. g3 g6 4. Bg2 Bg7 5. d3 Nc6 6. Be3 Nd4 7. Qd2 Rb8 {[%emt 0:03:35] LiveBook: 20 Games} 8. Nd1 Nf6 {[%emt 0:03:19] B26: Closed Sicilian: 3 g3, lines with early Be3} (8... e5 9. c3 Ne6 10. Ne2 Ne7 11. Bh6 O-O 12. Bxg7 Kxg7 13. d4 cxd4 14. cxd4 Qb6 15. d5 Nc5 16. b4 Qxb4 {0-1 (34) Norberg,J (2305)-Bator,R (2432) Sweden 2015}) 9. c3 Nc6 10. h3 h6 $146 ({Predecessor:} 10... Qc7 11. Ne2 b5 12. O-O O-O 13. Rc1 Ne5 14. f4 Ned7 15. Nf2 Bb7 16. d4 {1-0 (50) Burchardt,B (2189)-Birkholz,O (2048) Drammen 2018}) 11. Ne2 Bd7 12. O-O Qc8 13. Kh2 h5 14. f4 Be6 15. Nf2 O-O 16. d4 cxd4 17. cxd4 d5 $16 18. e5 Ne8 19. g4 hxg4 20. hxg4 Bxg4 21. Nxg4 Qxg4 22. Bh3 Qh4 23. f5 gxf5 24. Rxf5 e6 25. Rg5 Qh7 26. Nf4 Ne7 27. Rh5 Bh6 28. Rxh6 Qxh6 29. Nxd5 Qh5 30. Nxe7+ Kh7 31. Rg1 f5 32. exf6 Rxf6 33. Qc2+ Rf5 34. Nxf5 exf5 35. Qxf5+ Qxf5 36. Bxf5+ Kh8 37. Bf4 1-0

[Event "Guimaraes Open 2018"]
[Site "Guimaraes"]
[Date "2018.10.07"]
[Round "6"]
[White "Veiga, Jose Francisco Reis"]
[Black "Suarez Uriel, Adrian"]
[Result "1-0"]
[ECO "C41"]
[WhiteElo "2272"]
[BlackElo "2394"]
[Annotator "NA"]
[PlyCount "85"]
[EventDate "2018.10.04"]
[EventType "swiss"]
[EventCountry "POR"]
[SourceTitle "playchess.com"]
[Source "ChessBase"]
[SourceQuality "1"]
[TimeControl "5400+30"]

1. e4 d6 2. d4 Nf6 3. Nc3 e5 4. Nf3 Nbd7 5. Bc4 Be7 6. O-O O-O 7. Re1 c6 8. a4 h6 9. b3 {[%emt 0:00:26] C41: Philidor Defence} (9. h3 Re8 10. Ba2 Qc7 11. Nh4 exd4 12. Qxd4 Nf8 13. Qd3 Be6 14. Bxe6 Nxe6 15. Nf5 Bf8 16. Qf3 Nd7 17. Be3 Ne5 {1-0 (59) Grischuk,A (2764)-Jobava,B (2711) Beijing 2012}) 9... Qc7 10. Bb2 Re8 11. Qd2 Nf8 12. h3 Ng6 13. Rad1 {[%emt 0:06:38] LiveBook: 4 Games} Bf8 14. d5 c5 $146 (14... Rd8 $11) ({Predecessor:} 14... a6 15. Ra1 Nf4 16. a5 cxd5 17. Nxd5 N6xd5 18. exd5 {1-0 (47) Poetz,F (2427)-Ager,J (2151) Feistritz an der Drau 2014}) 15. Bb5 Rd8 16. Bf1 Nf4 17. Kh2 Qd7 18. Bb5 Qe7 19. Bf1 g5 20. g3 Ng6 21. Qe2 Nh7 22. Nd2 h5 23. Nc4 g4 24. Ne3 Qf6 25. hxg4 hxg4 {[%emt 0:00:07] [#]} 26. Bg2 $1 ({And not} 26. Nxg4 Bxg4 27. Qxg4 Qxf2+ 28. Bg2 Qxc2 $11) 26... Qg5 {[%emt 0:07:12] [#]} 27. Rh1 $1 ({Resist} 27. Kg1 $6 Bd7 $16) 27... Nf4 28. gxf4 exf4 29. Nxg4 Bxg4 30. Bf3 f5 31. Rdg1 ({Less strong is} 31. Bxg4 fxg4 32. Kg1 Qg6 $14) 31... Nf6 32. exf5 ({Not} 32. Kg2 Re8 $18) 32... Qh5+ 33. Kg2 Bxf3+ 34. Kf1+ Bg7 35. Qe6+ Qf7 {[%emt 0:00:06] [#]} 36. Rh8+ $1 Kxh8 37. Qxf7 Rd7 38. Rxg7 Rxf7 39. Rxf7 Ng4 40. Ne4+ Kg8 41. Rg7+ Kf8 42. Ng5 Ne5 43. Bxe5 1-0

[Event "Guimaraes Open 2018"]
[Site "Guimaraes"]
[Date "2018.10.07"]
[Round "6"]
[White "Frois, Antonio"]
[Black "Abella Vazquez, Cesar"]
[Result "1-0"]
[ECO "A08"]
[WhiteElo "2267"]
[BlackElo "2120"]
[Annotator "NA"]
[PlyCount "75"]
[EventDate "2018.10.04"]
[EventType "swiss"]
[EventCountry "POR"]
[SourceTitle "playchess.com"]
[Source "ChessBase"]
[SourceQuality "1"]
[TimeControl "5400+30"]

1. Nf3 e6 2. g3 Nf6 3. Bg2 d5 4. O-O Be7 5. d3 O-O 6. Nbd2 c5 7. e4 Nc6 8. Re1 b5 9. e5 Nd7 10. Nf1 a5 11. h4 b4 12. Bf4 a4 13. a3 bxa3 14. bxa3 {LiveBook: 46 Games} Rb8 15. N1h2 {C00: French: Unusual White 2nd moves} (15. Bh3 Bb7 16. N1h2 Re8 17. Ng5 Bxg5 18. hxg5 Ne7 19. Qh5 d4 20. Ng4 Nf5 21. Nf6+ gxf6 22. gxf6 Kh8 {0-1 (36) Haddouche,M (2505)-Van Wely,L (2654) Rabat 2014}) 15... Re8 16. h5 $146 ({Predecessor:} 16. Ng5 Bxg5 17. hxg5 Ne7 18. Qh5 Nf5 {1-0 (27) Omurbekova,D (1868)-Sotomayor Villatoro,S (1876) Baku 2016}) 16... Nd4 17. Nxd4 cxd4 18. Qg4 Kh8 19. h6 g6 20. Nf3 Qc7 21. Bg5 Bf8 (21... Bc5 $16) 22. Qf4 Kg8 23. Bh4 $11 f5 24. exf6 Qxf4 25. gxf4 Bxh6 26. Nxd4 Kf7 27. Nc6 Rb6 28. Ne5+ Nxe5 29. fxe5 Ba6 30. c4 dxc4 31. dxc4 Bxc4 32. Red1 Rf8 33. Rd7+ Kg8 34. Rad1 Bb5 35. Re7 Bf4 36. Bg3 Bh6 37. Bh3 Bc4 38. Rdd7 1-0

[Event "Guimaraes Open 2018"]
[Site "Guimaraes"]
[Date "2018.10.07"]
[Round "6"]
[White "Rego, Pedro Filipe Pinho"]
[Black "Oliveira, Maria Alice Ramos M"]
[Result "1-0"]
[ECO "B40"]
[WhiteElo "2251"]
[BlackElo "1545"]
[Annotator "NA"]
[PlyCount "103"]
[EventDate "2018.10.04"]
[EventType "swiss"]
[EventCountry "POR"]
[SourceTitle "playchess.com"]
[Source "ChessBase"]
[SourceQuality "1"]
[TimeControl "5400+30"]

1. e4 c5 2. Nf3 e6 3. b3 Nc6 4. Bb2 d6 5. Bb5 Bd7 6. O-O Nf6 {[%emt 0:01:15] LiveBook: 80 Games} 7. Re1 Be7 8. d4 cxd4 9. Nxd4 Nxd4 10. Bxd7+ Qxd7 11. Qxd4 O-O 12. c4 Rfd8 13. Nc3 Ne8 14. Rad1 Qc6 15. Qd3 $146 {[%emt 0:22:07] B52: Sicilian: Moscow Variation with 3...Bd7} ({Predecessor:} 15. Qe3 Bf6 16. Qg3 Rd7 17. h3 a6 18. Qd3 Rad8 19. Re2 Nc7 20. a4 Bxc3 21. Qxc3 e5 22. f3 Ne6 {½-½ (91) Bernard,B (2316)-Korinek,O (2262) Czechia 2008}) 15... Bf6 16. Na4 Bxb2 17. Nxb2 Nc7 18. Re3 d5 19. exd5 exd5 20. Rh3 h6 21. Qe2 dxc4 22. Nxc4 $11 Ne6 23. Rg3 Nf4 24. Qg4 Rxd1+ 25. Qxd1 Re8 26. Ne3 Qf6 27. h3 Qb2 28. Rg4 Ng6 29. a4 Rc8 30. Rc4 Rxc4 31. Nxc4 Qf6 32. Qd6 Qf4 33. Qxf4 Nxf4 34. Kf1 Kf8 35. Nd6 b6 36. Nc8 Nd3 37. Nxa7 Nc5 38. Nc8 Nxb3 39. Nxb6 Ke7 40. Ke2 Kd6 41. Nc4+ Kc5 42. Ne3 Kb4 43. Nf5 Kxa4 44. Nxg7 Nd4+ 45. Ke3 Nc6 46. Ke4 Kb5 47. Nf5 h5 48. Ng7 h4 49. Nf5 Kc5 50. Nxh4 Kd6 51. Nf5+ Ke6 52. Nd4+ {[%emt 0:00:07] Kd5+} 1-0

[Event "Guimaraes Open 2018"]
[Site "Guimaraes"]
[Date "2018.10.07"]
[Round "6"]
[White "Martins, Bruno Andre Leite"]
[Black "Represa Perez, Mireya"]
[Result "0-1"]
[ECO "B90"]
[WhiteElo "2248"]
[BlackElo "2151"]
[Annotator "NA"]
[PlyCount "62"]
[EventDate "2018.10.04"]
[EventType "swiss"]
[EventCountry "POR"]
[SourceTitle "playchess.com"]
[Source "ChessBase"]
[SourceQuality "1"]
[TimeControl "5400+30"]

1. e4 c5 2. Nf3 d6 3. d4 cxd4 4. Nxd4 Nf6 5. Nc3 a6 6. Bd3 e5 7. Nf5 {[%emt 0:00:34] B90: Sicilian Najdorf: Unusual White 6th moves, 6 Be3 Ng4 and 6 Be3 e5} (7. Nde2 Be7 8. O-O O-O 9. Ng3 Be6 10. Nd5 Bxd5 11. exd5 g6 12. Bh6 Re8 13. c4 Nbd7 14. b4 Bf8 15. Bg5 h6 16. Bd2 e4 {½-½ (46) Najer,E (2683)-Wojtaszek,R (2738) Batumi 2018}) 7... Bxf5 8. exf5 d5 9. Bg5 Bb4 10. O-O Bxc3 11. bxc3 O-O 12. c4 $146 ({Predecessor:} 12. Re1 h6 13. Bxf6 Qxf6 14. Rb1 Rd8 {0-1 (34) Goepfert,C (628)-Bianshi,J (895) LSS email 2010}) 12... e4 13. Be2 d4 14. Rb1 Nc6 15. f3 e3 16. Rxb7 Qc8 17. Rb6 Nd7 18. Rxc6 Qxc6 19. Qxd4 Rfe8 20. Rd1 $14 Nb6 21. f6 Rac8 22. Qh4 Qc5 23. Rd4 Qa3 24. h3 g6 25. Bf4 h5 26. Rd6 Nxc4 27. Bxc4 Rxc4 28. Qg5 Rxf4 29. Qxf4 e2 30. Qh6 e1=Q+ 31. Kh2 Qxd6+ 0-1

[Event "Guimaraes Open 2018"]
[Site "Guimaraes"]
[Date "2018.10.07"]
[Round "6"]
[White "Pinho, Paulo Miguel Leitao"]
[Black "Machado, Carlos Antonio"]
[Result "1-0"]
[ECO "D83"]
[WhiteElo "2212"]
[BlackElo "1780"]
[Annotator "NA"]
[PlyCount "57"]
[EventDate "2018.10.04"]
[EventType "swiss"]
[EventCountry "POR"]
[SourceTitle "playchess.com"]
[Source "ChessBase"]
[SourceQuality "1"]
[TimeControl "5400+30"]

1. d4 Nf6 2. c4 g6 3. Nc3 d5 4. Bf4 Bg7 5. Rc1 {[%emt 0:00:12] LiveBook: 230 Games} O-O 6. e3 c6 7. Nf3 a6 {[%emt 0:14:15] D93: Grünfeld: 4 Nf3 Bg7 5 Bf4 0-0 6 e3} (7... Bg4 8. h3 Bxf3 9. Qxf3 dxc4 10. Bxc4 Nbd7 11. O-O Qa5 12. Qe2 Rfe8 13. Rfd1 e5 14. dxe5 Nxe5 15. Bb3 Rad8 16. e4 Rxd1+ 17. Rxd1 Qb4 18. Bh2 {1-0 (35) Hess,R (2574)-Paragua,M (2512) New York 2018}) 8. h3 Re8 9. Bd3 Qa5 $146 ({Predecessor:} 9... Nbd7 10. cxd5 cxd5 11. O-O Nf8 12. Na4 Ne6 13. Be5 b5 14. Nc5 Nxc5 15. Rxc5 {1-0 (23) Roggenstein,B (1879)-Schuler,G (2062) Schwaebisch Gmuend 2006}) 10. O-O Nbd7 11. cxd5 Nxd5 12. Nxd5 Qxd5 13. Bc4 Qa5 14. Ng5 e6 15. Qf3 h6 16. Ne4 e5 $2 {[%emt 0:00:33] [#]} (16... Qd8 $16 17. Rfd1 Nb6) 17. dxe5 $18 (17. Bxh6 $1 Rf8 (17... Bxh6 18. Qxf7+) 18. Qg4 Bxh6 19. Qxg6+ Bg7 20. Rfd1) 17... Re7 18. Nd6 Bxe5 19. Nxf7 Kh7 20. Bxe5 Nxe5 21. Qf6 Re8 22. Qf4 Nxc4 23. Qxh6+ Kg8 24. Qxg6+ Kf8 25. Rxc4 Re6 26. Qh7 Rf6 27. Nh6 Qh5 28. Qg8+ Ke7 29. Qg7+ 1-0

[Event "Guimaraes Open 2018"]
[Site "Guimaraes"]
[Date "2018.10.07"]
[Round "6"]
[White "Fidalgo, Andre Neves"]
[Black "Medarde Santiago, Luis Marcos"]
[Result "1/2-1/2"]
[ECO "A62"]
[WhiteElo "2181"]
[BlackElo "2384"]
[Annotator "NA"]
[PlyCount "79"]
[EventDate "2018.10.04"]
[EventType "swiss"]
[EventCountry "POR"]
[SourceTitle "playchess.com"]
[Source "ChessBase"]
[SourceQuality "1"]
[TimeControl "5400+30"]

1. d4 Nf6 2. c4 c5 3. d5 e6 4. Nc3 exd5 5. cxd5 d6 6. Nf3 g6 7. g3 Bg7 8. Bg2 O-O 9. O-O Re8 10. Bf4 Na6 11. Re1 {[%emt 0:02:03] LiveBook: 132 Games A62: Modern Benoni: Fianchetto Variation without early ...Nbd7} Bg4 12. h3 Bxf3 13. Bxf3 Nd7 14. e4 (14. Ne4 Ne5 15. Bg2 Nc7 16. g4 f5 17. gxf5 gxf5 18. Bg5 Qd7 {½-½ (66) Wojtaszek,R (2737)-Zhigalko,S (2638) Heraklio 2017}) 14... Qe7 15. Qd2 {[%emt 0:01:37] [#]} Rab8 $146 ({Predecessor:} 15... Nc7 16. Be2 a6 17. a4 Rab8 18. Bf1 Bd4 19. Kg2 h5 20. Bg5 Qf8 21. Bh6 Qe7 22. Bg5 Qf8 23. Bh6 Qe7 {½-½ (23) Shinkevich,V (2474)-Fedorov,A (2598) Izhevsk 2011}) 16. a4 Nb4 17. Be2 a6 18. Bg5 Qf8 19. Kg2 Rbc8 20. Bg4 Rc7 21. Bxd7 ({Günstiger ist} 21. Rac1 $11) 21... Rxd7 22. a5 h6 23. Be3 Kh7 24. Rad1 f5 25. exf5 Qxf5 26. Bd4 $11 cxd4 27. Rxe8 dxc3 28. bxc3 Nc2 29. Qe2 Na3 30. c4 Be5 31. Rd3 Nb1 32. f4 Bg7 33. Qc2 Nc3 34. Rxc3 Bxc3 35. Qxc3 Rg7 36. Re3 Rc7 37. Qb2 h5 38. Qe2 Kh6 39. Re6 h4 40. Qe4 1/2-1/2

[Event "Guimaraes Open 2018"]
[Site "Guimaraes"]
[Date "2018.10.07"]
[Round "6"]
[White "Guimaraes, Rui Pinto"]
[Black "Silva, Pedro Gil Ferreira "]
[Result "1-0"]
[ECO "B11"]
[WhiteElo "2143"]
[BlackElo "1837"]
[Annotator "NA"]
[PlyCount "67"]
[EventDate "2018.10.04"]
[EventType "swiss"]
[EventCountry "POR"]
[SourceTitle "playchess.com"]
[Source "ChessBase"]
[SourceQuality "1"]
[TimeControl "5400+30"]

1. e4 c6 2. Nc3 d5 3. Nf3 Bg4 4. h3 Bxf3 5. Qxf3 e6 6. d4 dxe4 7. Nxe4 Qxd4 8. Bd3 Nd7 9. Be3 Qd5 10. Rd1 {[%emt 0:22:16] LiveBook: 6 Partien} Ne5 11. Qf4 Bb4+ ({Better is} 11... Qa5+ $15 12. Bd2 Nxd3+ 13. cxd3 Qxa2) 12. Ke2 Ng6 {[%emt 0:17:18] [#]} (12... Be7 $11) 13. Qc7 $16 Qd7 14. Qg3 e5 15. Ng5 Nf4+ 16. Bxf4 exf4 17. Qxf4 Qe7+ 18. Kf1 Nf6 19. Qh4 O-O-O 20. Nxf7 Qxf7 21. Qxb4 Nd5 22. Qg4+ Kb8 23. Kg1 Rhf8 24. Qg3+ Ka8 25. Bc4 Qf5 26. Bxd5 Qxc2 27. Qb3 Qxf2+ 28. Kh2 Qf4+ 29. g3 Qf2+ 30. Bg2 Rde8 31. Rhf1 Qe2 32. Rd7 b6 33. Rxf8 Rxf8 34. Qa3 1-0

[Event "Guimaraes Open 2018"]
[Site "Guimaraes"]
[Date "2018.10.07"]
[Round "6"]
[White "Ferreira, Hugo Miguel Da Cost"]
[Black "Calzada Cruz, Osvaldo"]
[Result "1-0"]
[ECO "A40"]
[WhiteElo "2130"]
[BlackElo "1752"]
[Annotator "NA"]
[PlyCount "73"]
[EventDate "2018.10.04"]
[EventType "swiss"]
[EventCountry "POR"]
[SourceTitle "playchess.com"]
[Source "ChessBase"]
[SourceQuality "1"]
[TimeControl "5400+30"]

1. d4 e6 2. Nf3 Nf6 3. Bf4 Bb4+ 4. c3 Bd6 5. Bg5 h6 6. Bh4 b6 7. Nbd2 Bb7 8. Qb1 g5 9. Bg3 Qe7 10. b4 Nd5 11. Qb2 Bxg3 12. hxg3 Nc6 13. e4 Nf6 14. Nxg5 Ng4 15. Nh3 f5 16. Be2 a5 17. bxa5 Nxa5 18. O-O h5 {[%emt 0:00:53] [#]} 19. exf5 $1 exf5 20. Rfe1 Be4 21. f3 Qd6 22. fxe4 Qxg3 23. Nf1 Qh4 24. exf5 O-O-O 25. Bf3 d5 26. Nf4 Nc4 27. Qb5 Qf2+ 28. Kh1 Qh4+ 29. Nh3 Nf2+ 30. Kh2 Ng4+ (30... Kb8 $142 31. Bxd5 Na3) 31. Kg1 Nf6 32. Bxd5 Nxd5 33. Qxc4 Rhg8 34. Qd3 Rg4 $18 (34... Qg4 $142 35. Re2 Nxc3) 35. Qf3 Rdg8 36. Re2 Rf4 37. Qxd5 1-0

[Event "Guimaraes Open 2018"]
[Site "Guimaraes"]
[Date "2018.10.07"]
[Round "6"]
[White "Santos, Jose Guilherme Barr"]
[Black "Barrento, Jorge Maria Lopes"]
[Result "1-0"]
[ECO "B01"]
[WhiteElo "2108"]
[BlackElo "1696"]
[Annotator "NA"]
[PlyCount "161"]
[EventDate "2018.10.04"]
[EventType "swiss"]
[EventCountry "POR"]
[SourceTitle "playchess.com"]
[Source "ChessBase"]
[SourceQuality "1"]
[TimeControl "5400+30"]

1. e4 d5 2. exd5 Nf6 3. d4 Bg4 4. Bb5+ Nbd7 5. f3 Bf5 6. Nc3 {[%emt 0:05:08] LiveBook: 39 Games} a6 {[%emt 0:02:54] B01: Scandinavian Defence} 7. Bd3 (7. Ba4 b5 8. Bb3 Nb6 9. Nge2 Nbxd5 10. Nxd5 Nxd5 11. O-O Bc8 12. Ng3 g6 13. Ne4 Bg7 14. Re1 h6 15. c3 {1-0 (58) Gonzalez Vidal,Y (2546)-Lopez Gonzalez,A (2338) Merida 2017}) 7... Bxd3 8. Qxd3 Nb6 9. Nge2 Nbxd5 10. a3 Nxc3 $146 ({Predecessor:} 10... e6 11. Bg5 Nxc3 12. Nxc3 {½-½ (12) Galko,A (1875)-Petro,J (2079) Hungary 2013}) 11. Nxc3 e6 12. b4 Be7 13. O-O c6 14. Be3 Nd5 15. Nd1 Nxe3 16. Nxe3 O-O 17. Rfd1 Qc7 18. Nc4 Rfd8 19. Qe4 Bd6 20. g3 Be7 21. c3 Bf8 22. a4 Bd6 23. a5 Qe7 24. f4 Re8 25. Rf1 Rad8 26. Rae1 Qf8 27. Rf3 Bc7 28. Rfe3 g6 29. Qf3 Rd5 30. R3e2 Rdd8 31. Nd2 Bd6 32. Ne4 Be7 33. Kh1 h5 34. h3 Qg7 35. Nf2 Rd5 36. g4 Bh4 37. Rg1 Bxf2 38. Qxf2 Red8 39. Qf3 Qh6 40. Kg2 Kh7 41. Kf1 R8d7 42. Re4 Qf8 43. Qg3 Qh6 44. Rg2 Kh8 45. Ke2 Rd8 46. Re3 Rg8 47. Rf3 Qh7 48. Rd3 Qh6 49. c4 Rd7 50. Kd2 Rgd8 51. Qf2 Kg8 52. Kc3 Qh8 53. Qe3 h4 (53... hxg4 $11 54. Rxg4 Rxd4 55. Rxd4 Rxd4 56. Rxg6+ fxg6 57. Qxd4 Qxh3+ 58. Kb2 Qf5) 54. Rdd2 Qf6 55. Qe4 Kg7 56. Rgf2 $2 Qe7 57. Qe5+ Qf6 $2 {[%emt 0:00:30] [#]} (57... Kh7 $16) 58. Qe4 ({White should play} 58. g5 $1 $18 Qxe5 59. fxe5) 58... Qe7 59. Rf3 f5 60. Qe5+ Qf6 61. Qe3 fxg4 62. hxg4 Rh8 63. g5 Qf5 64. Qe5+ Qxe5 65. fxe5 Rf7 66. Rxf7+ Kxf7 67. b5 axb5 68. cxb5 cxb5 69. Kb4 h3 70. Rh2 Rh4 71. Kxb5 Rxd4 72. Rxh3 Rd5+ 73. Kb6 Rxe5 74. Rh7+ Kg8 75. Rxb7 Rxg5 76. a6 Rg1 77. a7 Ra1 78. Kc5 g5 79. Kd6 g4 80. Ke5 g3 81. Rb8+ 1-0

[Event "Guimaraes Open 2018"]
[Site "Guimaraes"]
[Date "2018.10.07"]
[Round "6"]
[White "Fernandes, Joao Pedro Murtinho"]
[Black "Santos, Jose Miguel Sereno"]
[Result "1/2-1/2"]
[ECO "B12"]
[WhiteElo "2067"]
[BlackElo "1646"]
[Annotator "NA"]
[PlyCount "81"]
[EventDate "2018.10.04"]
[EventType "swiss"]
[EventCountry "POR"]
[SourceTitle "playchess.com"]
[Source "ChessBase"]
[SourceQuality "1"]
[TimeControl "5400+30"]

1. e4 c6 2. d4 d5 3. e5 c5 4. dxc5 Nc6 5. Nf3 Bg4 6. c3 {[%emt 0:00:24] B12: Caro-Kann: Advance Variation} e6 7. Be3 (7. b4 a6 8. Nbd2 Nxe5 9. Qa4+ Nd7 10. Ne5 Ngf6 11. c4 a5 12. Nb3 axb4 13. Qb5 Be7 {0-1 (53) Topalov,V (2760)-Nakamura,H (2779) London 2016 CBM 176 [Roiz,M]}) 7... Bxf3 8. Qxf3 Nxe5 9. Bb5+ Nc6 10. O-O {[%emt 0:00:35] LiveBook: 26 Games} Nf6 11. c4 a6 12. Ba4 Qa5 13. Nc3 Be7 14. Qg3 $146 O-O $1 15. cxd5 exd5 16. Bh6 g6 (16... Nh5 $14 17. Qf3 Nf6) 17. Bxf8 Bxf8 (17... Rxf8 $16 18. Rad1 Qxc5) 18. Bb3 Qxc5 19. Qf3 Bg7 20. Nxd5 ({Weaker is} 20. Bxd5 Nd4 $14) 20... Nxd5 21. Qxd5 Qxd5 22. Bxd5 Nb4 23. Bxb7 Rb8 24. Bf3 Bxb2 25. Rad1 Nxa2 26. Rd7 Nc3 27. Ra7 Rb6 28. h3 Kg7 29. Re1 Nb5 30. Rb7 Rf6 31. Ree7 $16 Bd4 32. Red7 Bc5 33. Rd5 Ba3 34. Rd1 Bc5 35. Rdd7 Nd6 36. Rbc7 Bb4 37. Bd5 a5 38. Bb3 h5 39. Kf1 h4 40. Ke2 Rf5 41. f3 1/2-1/2

[Event "Guimaraes Open 2018"]
[Site "Guimaraes"]
[Date "2018.10.07"]
[Round "6"]
[White "Pintor, Simao Maciel Abranc"]
[Black "Monteiro, Paulo Alexandre Gom"]
[Result "1-0"]
[ECO "B23"]
[WhiteElo "2047"]
[BlackElo "1602"]
[Annotator "NA"]
[PlyCount "105"]
[EventDate "2018.10.04"]
[EventType "swiss"]
[EventCountry "POR"]
[SourceTitle "playchess.com"]
[Source "ChessBase"]
[SourceQuality "1"]
[TimeControl "5400+30"]

1. e4 c5 2. Nc3 e6 3. f4 d5 4. Nf3 Nc6 5. Bb5 Nf6 6. Bxc6+ {[%emt 0:02:26] LiveBook: 15 Games} bxc6 7. d3 Be7 8. O-O O-O 9. Qe1 {[%emt 0:00:24] B23: Closed Sicilian: Lines without g3} Ba6 10. f5 (10. e5 $11 Nd7 11. b3 (11. Qg3 f5 12. Kh1 Nb6 13. b3 c4 14. dxc4 dxc4 15. Rd1 Qc8 16. Bb2 c5 {0-1 (63) Hafiz,A (2324)-Karthikeyan,M (2580) New Delhi 2018})) 10... exf5 $146 ({Predecessor:} 10... dxe4 11. Nxe4 exf5 12. Ng3 Bc8 13. Bg5 h6 14. Bd2 Re8 15. Bc3 c4 16. d4 f4 {0-1 (28) Oehen,R (1839)-Kelecevic,N (2214) Zuerich 2018}) 11. e5 Ne8 12. Qg3 Nc7 13. Ng5 Qd7 14. Bd2 (14. Qh3 $142 h6 15. Nf3) 14... Rab8 15. b3 Rb4 16. h3 h6 17. Nf3 Kh7 18. Ne2 Re4 ({Better is} 18... Rbb8 $17) 19. Nf4 Ne6 (19... Rxf4 $1 $11 20. Qxf4 (20. Bxf4 c4 $14) 20... g5) 20. dxe4 fxe4 21. Nh2 Bxf1 22. Rxf1 d4 23. Nxe6 (23. Qg4 $18) 23... fxe6 24. Rxf8 Bxf8 25. Qf4 e3 26. Be1 Qe8 27. Qe4+ Kg8 28. c3 Qd7 29. Nf3 Qd5 30. Qxd5 exd5 31. cxd4 cxd4 32. Nxd4 c5 33. Ne2 d4 34. Nc1 Kf7 35. Kf1 Ke6 36. Nd3 Kd5 $2 (36... Be7 37. Ke2 Kd7) 37. Ke2 Ke4 38. Ba5 Kd5 39. Bc7 g5 40. Bd8 a6 41. g4 Bg7 42. Be7 Bxe5 43. Bxc5 Bg7 44. a4 Kc6 45. b4 Kb7 46. Nc1 Kc6 47. Kd3 a5 48. Nb3 axb4 49. Bxb4 Kd5 50. Bc5 e2 51. Kxe2 Kc4 {[%emt 0:00:04] [#]} 52. Nxd4 $18 Be5 53. Nf3 1-0

[Event "Guimaraes Open 2018"]
[Site "Guimaraes"]
[Date "2018.10.07"]
[Round "6"]
[White "Fidalgo, Daniel Neves"]
[Black "Costa, Paulo Jorge Lopes d"]
[Result "0-1"]
[ECO "A19"]
[WhiteElo "2018"]
[BlackElo "2191"]
[Annotator "NA"]
[PlyCount "74"]
[EventDate "2018.10.04"]
[EventType "swiss"]
[EventCountry "POR"]
[SourceTitle "playchess.com"]
[Source "ChessBase"]
[SourceQuality "1"]
[TimeControl "5400+30"]

1. c4 Nf6 2. Nc3 e6 3. e4 c5 4. f4 d6 {[%emt 0:06:06] LiveBook: 4 Partien A19: English Opening: Flohr-Mikenas System with 3...c5} (4... Nc6 5. Nf3 d5 6. e5 d4 7. exf6 dxc3 8. fxg7 cxd2+ 9. Bxd2 Bxg7 10. Qc2 Qb6 11. Bc3 Nd4 12. Bxd4 cxd4 {1-0 (31) Eljanov,P (2719)-L'Ami,E (2618) Doha 2014}) 5. g3 Nc6 6. Bg2 Be7 7. Nge2 O-O 8. O-O a6 9. b3 Qc7 10. h3 Rb8 11. a4 $146 ({Predecessor:} 11. d4) 11... b6 12. Kh1 Bb7 13. d4 cxd4 14. Nxd4 Nxd4 15. Qxd4 Nd7 16. Ba3 Nc5 17. Bxc5 (17. Rab1 $11) 17... bxc5 18. Qd3 Bf6 19. Rab1 Bc6 20. g4 h6 21. g5 hxg5 22. fxg5 Be5 23. h4 Qe7 24. Nd1 (24. Ne2 $17 {keeps fighting.}) 24... g6 $17 (24... f6 $19 25. gxf6 Rxf6 26. Rxf6 Qxf6) 25. Ne3 f6 26. Ng4 fxg5 27. Nxe5 dxe5 28. Qg3 Rf4 29. hxg5 Rbf8 30. Rfe1 Qh7+ 31. Kg1 Qh5 32. Qh3 Rg4 33. Qxh5 gxh5 34. b4 h4 35. b5 h3 36. bxc6 Rxg2+ 37. Kh1 Rff2 0-1

[Event "Guimaraes Open 2018"]
[Site "Guimaraes"]
[Date "2018.10.07"]
[Round "6"]
[White "Silva, Goncalo Nuno Neto P"]
[Black "Herrera Reyes, Jose Antonio"]
[Result "1/2-1/2"]
[ECO "B40"]
[WhiteElo "1996"]
[BlackElo "2343"]
[Annotator "NA"]
[PlyCount "94"]
[EventDate "2018.10.04"]
[EventType "swiss"]
[EventCountry "POR"]
[SourceTitle "playchess.com"]
[Source "ChessBase"]
[SourceQuality "1"]
[TimeControl "5400+30"]

1. e4 c5 2. Nf3 e6 3. g3 b6 4. Bg2 Bb7 5. d3 {[%emt 0:01:06] LiveBook: 170 Games} Qc7 {[%emt 0:00:03] B40: Sicilian: 2...e6, Unusual lines} (5... d6 6. O-O g6 7. Re1 Bg7 8. d4 cxd4 9. Nxd4 a6 10. Nc3 Ne7 11. Bg5 O-O 12. Qd2 Qc7 13. Bh6 {0-1 (38) Haddouche,M (2505)-Almasi,Z (2682) Riadh 2017}) 6. Nc3 a6 7. O-O d6 8. a4 Nd7 9. d4 cxd4 10. Qxd4 $146 ({Predecessor:} 10. Nxd4 Ngf6 11. Kh1 Be7 {0-1 (44) Martin,T (2221)-Schramm,C (2325) Bayern 2011}) 10... Ngf6 11. Rd1 Be7 12. Be3 O-O 13. h3 Rac8 14. g4 Rfe8 15. g5 Nh5 16. Qd2 (16. h4 $11 {remains equal.}) 16... g6 17. Rac1 (17. Qd4 $11) 17... Qb8 18. Nh2 Ne5 19. b3 f5 20. gxf6 Nxf6 21. f4 Nf7 (21... Ned7 $17 22. Ng4 Qc7) 22. Ng4 Qa8 23. Nxf6+ Bxf6 24. Bd4 e5 25. Bxb6 Rxc3 $2 (25... exf4 $17 {and life is bright.} 26. Nd5 Bxd5 27. Qxd5 Qxd5 28. Rxd5 Bg5) 26. Qxc3 Bxe4 27. Bxe4 Qxe4 {[%emt 0:00:02] [#]} 28. Rf1 $1 Qf5 {[%emt 0:03:20] [#]} 29. fxe5 $1 Qg5+ 30. Kh1 Rxe5 31. Qc8+ Kg7 32. Qg4 Qd2 33. Rcd1 (33. Qf3 $18 Re6 34. Rcd1 Qxc2 35. Rde1) 33... Qxc2 34. Bd4 h5 {[%emt 0:01:08] [#]} 35. Qf3 $1 Rf5 36. Bxf6+ Kxf6 37. Qd5 Qe2 $2 (37... Ne5 $16 {ist eine bessere Verteidigung.}) 38. Qd4+ Ne5 $18 39. Qxd6+ Kg7 40. Rxf5 Qe4+ 41. Kg1 Qxf5 42. Qc7+ Kh6 43. Qc1+ Kg7 44. Qc7+ Kh6 45. Qc1+ Kg7 46. Qc7+ Kh6 47. Qc1+ Kg7 1/2-1/2